 Dungeon Crawl Stone Soup version 0.24.1-14-gf8d2b509d9 (webtiles) character file.

Game seed: 15429732778375198040, levelgen mode: deterministic

22 Descartes the Charmwright (level 2, -4/13 HPs)
             Began as a Felid Skald on June 1, 2020.
             Slain by a worm (7 damage)
             ... on level 2 of the Dungeon.
             The game lasted 00:01:44 (1139 turns).

Descartes the Charmwright (Felid Skald)             Turns: 1139, Time: 00:01:44

Health: -4/13      AC:  1    Str:  7    XL:     2   Next: 68%
Magic:  6/6        EV: 18    Int: 14    God:
Gold:   38         SH:  0    Dex: 15    Spells: 4/5 levels left
                                        Lives:  0   Deaths: 0

rFire    . . .     SeeInvis +     - Unarmed
rCold    . . .     Gourm    .   (shield unavailable)
rNeg     . . .     Faith    .   (armour unavailable)
rPois    .         Spirit   .   (helmet unavailable)
rElec    .         Reflect  .   (cloak unavailable)
rCorr    .         Harm     .   (gloves unavailable)
MR       .....                  (boots unavailable)
Stlth    ++........             (no amulet)
HPRegen  0.04/turn              (no ring)
MPRegen  0.10/turn              (no ring)

@: quick
A: very small, no armour, no weapons or thrown items, stealth, claws 1, fangs 3,
see invisible, carnivore, speed 1, shaggy fur 1, slow metabolism 1, sharp paws
a: no special abilities


You were on level 2 of the Dungeon.
You were completely stuffed.

You visited 1 branch of the dungeon, and saw 2 of its levels.

You collected 38 gold pieces.

Inventory:

Missiles
 e - 81 arrows
 j - 31 stones
Scrolls
 a - a scroll of magic mapping {unknown}
Potions
 c - a potion of flight {unknown}
 d - 2 potions of curing
 f - 2 potions of might {unknown}
 h - a potion of brilliance {unknown}
 i - a potion of agility {unknown}
Comestibles
 b - 2 rations


   Skills:
 + Level 2.2 Fighting
 + Level 3.3 Dodging
 * Level 1.5 Stealth
 * Level 2.3 Unarmed Combat
 + Level 2.1 Spellcasting
 + Level 3.8 Charms


You had 4 spell levels left.
You knew the following spells:

 Your Spells              Type           Power        Failure   Level  Hunger
a - Infusion              Chrm           ##..         4%          1    #......

Your spell library contained the following spells:

 Spells                   Type           Power        Failure   Level  Hunger
 Song of Slaying          Chrm           ##......     8%          2    ###....
 Shroud of Golubria       Chrm/Tloc      #.....       16%         2    ###....
 Regeneration             Chrm/Necr      #.........   32%         3    ###....
 Spectral Weapon          Hex/Chrm       Unusable     N/A         3    N/A

Dungeon Overview and Level Annotations

Branches:
Dungeon (2/15)

Altars:
Dithmenos


Innate Abilities, Weirdness & Mutations

You cannot wear armour.
You are incapable of wielding weapons or throwing items.
Your paws allow you to move quietly. (Stealth)
You have sharp claws.
You have razor-sharp teeth.
You have supernaturally acute eyesight. (SInv)
You are carnivorous and can eat meat at any time.
You cover ground quickly.
You are covered in fur. (AC +1)
You have a slow metabolism.
Your sharp claws are effective at attacking unaware monsters.


Message History

No target in view!
No target in view!
A goblin comes into view.
A goblin is nearby!
A worm comes into view.
You barely miss the goblin. The goblin hits you.
You closely miss the goblin. The goblin completely misses you.
You scratch the goblin.
You kill the goblin!
You scratch the worm but do no damage. You scratch the worm.
The worm is moderately wounded.
The worm bites you!
Ouch! That really hurt!
* * * LOW HITPOINT WARNING * * *
You barely miss the worm.
The worm is moderately wounded.
The worm bites you!
Ouch! That really hurt!
You die...

....... ..... .....
... ... #'# #w# #.#
#@#######
#.##.#.....#
#.....###.# #.....#
#.#
#.....###.######.#
#...##.#.##.........#
##.###.#.##..########
#...........#
#####.#.###.#


You could see a worm.

Vanquished Creatures
  A worm (D:2)
  A dart slug (D:1)
  2 ball pythons (D:1)
  5 bats
  A giant cockroach (D:1)
  A frilled lizard (D:1)
  2 goblins
  2 kobolds
  2 rats (D:1)
17 creatures vanquished.

Notes
Turn   | Place    | Note
-------+----------+-------------------------------------------
     0 | D:1      | Descartes the Felid Skald began the quest for the Orb.
     0 | D:1      | Reached XP level 1. HP: 9/9 MP: 4/4
   211 | D:1      | Reached skill level 1 in Stealth
   236 | D:1      | Reached XP level 2. HP: 11/13 MP: 6/6
  1086 | D:2      | Found a shadowy altar of Dithmenos.
  1139 | D:2      | Slain by a worm

Levels and vault maps discovered:
D:1:      lightli_arrival_flooded_house, layout_basic, minmay_pentomino_r4
D:2:      layout_loops_corners, lemuel_crystal_altar

Skill      XL: |  1 |
---------------+----+-----
Stealth        | 1 |  1.5
Fighting       | |  2.2
Dodging        | |  3.3
Unarmed Combat | |  2.3
Spellcasting   | |  2.1
Charms         | |  3.8

Action                   || total
-------------------------++-------
Melee: Unarmed           ||    73
       Bite              ||     4
       Punch             ||     3
  Use: Scroll            ||     3
 Stab: Sleeping          ||     4
  Eat: Chunk             ||     8
Armor: Skin              ||     4
Dodge: Dodged            ||    62
